 Dungeon Crawl Stone Soup version 0.23.0-42-geed6394 (webtiles) character file.

Game seed: 0

126 elfaar the Chopper (level 4, -11/41 HPs)
             Began as a Minotaur Berserker on Feb 27, 2019.
             Was a Believer of Trog.
             Shot with an arrow by a centaur (15 damage)
             ... on level 3 of the Dungeon on Feb 28, 2019.
             The game lasted 00:12:33 (1782 turns).

elfaar the Chopper (Minotaur Berserker)             Turns: 1782, Time: 00:12:37

Health: -11/41     AC:  3    Str: 23    XL:     4   Next: 83%
Magic:  3/3        EV: 12    Int:  4    God:    Trog [**....]
Gold:   98         SH:  0    Dex:  9    Spells: 3/3 levels left

rFire    . . .     SeeInvis .   a - +1 hand axe
rCold    . . .     Gourm    .   (no shield)
rNeg     . . .     Faith    .   b - +1 animal skin
rPois    .         Spirit   .   (helmet restricted)
rElec    .         Reflect  .   (no cloak)
rCorr    .         Harm     .   (no gloves)
MR       ++...     Rnd*Tele +   (no boots)
Stlth    +.........             (no amulet)
HPRegen  1.13/turn              (no ring)
MPRegen  0.08/turn              (no ring)

@: berserk cooldown, regenerating, slowed, very slow
A: retaliatory headbutt, horns 2, blurry vision 1, deterioration 1, teleportitis
1, evolution 1
a: Berserk, Trog's Hand, Renounce Religion


You were on level 3 of the Dungeon.
You worshipped Trog.
Trog was pleased with you.
You were near starving.

You visited 1 branch of the dungeon, and saw 3 of its levels.

You collected 98 gold pieces.

Inventory:

Hand Weapons
 a - a +1 hand axe (weapon)
Missiles
 i - 71 stones (quivered)
Armour
 b - a +1 animal skin (worn)
Scrolls
 f - a scroll of remove curse {unknown}
 g - a scroll of enchant armour
 k - a scroll of fear {unknown}
 l - a scroll of teleportation {unknown}
Potions
 h - a potion of haste
 n - a potion of might {unknown}
 o - a potion of heal wounds {unknown}
 p - a potion of degeneration {unknown}
 q - a potion of magic {unknown}
Comestibles
 c - a ration
 d - 2 chunks of flesh


   Skills:
 + Level 4.8 Fighting
 + Level 5.5 Axes
 + Level 2.7 Armour
 + Level 2.6 Dodging
 + Level 0.1 Stealth


You had 3 spell levels left.
You didn't know any spells.
Your spell library was empty.

Dungeon Overview and Level Annotations

Branches:
Dungeon (3/15)

Altars:
Yredelemnul


Innate Abilities, Weirdness & Mutations

You reflexively headbutt those who attack you in melee.
You have a pair of horns on your head.
Scrolls take you a little longer to read.
Your body sometimes deteriorates upon taking damage.
You are occasionally teleported next to monsters.
You evolve.


Message History

You feel resistant to hostile enchantments.
You feel somewhat more hungry.
You hit the hobgoblin but do no damage. You headbutt the hobgoblin.
The hobgoblin is severely wounded.
You hit the hobgoblin. The hobgoblin misses you.
The hobgoblin barely misses you.
You hit the hobgoblin.
You kill the hobgoblin!
Trog accepts your kill.
You closely miss the hobgoblin. You hit the hobgoblin.
The hobgoblin closely misses you. You furiously retaliate!
You headbutt the hobgoblin.
You kill the hobgoblin!
Trog accepts your kill.
The hobgoblin hits you with a +0 dagger of freezing.
* * * LOW HITPOINT WARNING * * *
The hobgoblin freezes you.
* * * LOW HITPOINT WARNING * * *
The centaur shoots an arrow.
The arrow hits you!
You die...

....# ....# #.....#
....###### #.....#
.÷.......# #.....# #.
#..#####.# #.....# ####..
##.# #.# #.....##......
#..# #.# ...[.#.......
##..# #.# ####.##........
#..##.# #.(..@#........
#..#.###...g†).c......
####....##.P.P.†(.......
#..........._..)))......
#..####.....P.P......>.).
#. #.###.....#........
#.# #...###........ #..
##.## ###.#.#.. ##. #.#
...# .


You could see a centaur and a hobgoblin.

Vanquished Creatures
  Robin (D:3)
  5 adders
  An ooze (D:1)
  3 worms (D:2)
  A dart slug (D:2)
  3 leopard geckos
  A giant cockroach (D:1)
  8 hobgoblins
  6 kobolds
  4 bats
  2 frilled lizards
  14 goblins
  5 rats
54 creatures vanquished.

Notes
Turn   | Place    | Note
-------+----------+-------------------------------------------
     0 | D:1      | elfaar the Minotaur Berserker began the quest for the Orb.
     0 | D:1      | Reached XP level 1. HP: 19/19 MP: 0/0
   101 | D:1      | Reached XP level 2. HP: 24/27 MP: 1/1
   209 | D:1      | Reached skill level 4 in Axes
   216 | D:1      | Upgraded the game from 0.23.0-38-g208d714 to
                  | 0.23.0-42-geed6394
   855 | D:2      | Reached XP level 3. HP: 20/34 MP: 2/2
   904 | D:2      | Reached ** piety under Trog
   969 | D:2      | Found a faded altar of an unknown god.
  1017 | D:2      | Reached skill level 5 in Axes
  1023 | D:2      | Reached XP level 4. HP: 29/41 MP: 3/3
  1349 | D:2      | Gained mutation: You are occasionally teleported next to
                  | monsters. [potion of mutation]
  1349 | D:2      | Gained mutation: Your body sometimes deteriorates upon
                  | taking damage. [potion of mutation]
  1349 | D:2      | Gained mutation: Scrolls take you a little longer to read.
                  | [potion of mutation]
  1349 | D:2      | Gained mutation: You evolve. [potion of mutation]
  1759 | D:3      | Found a basalt altar of Yredelemnul.
  1768 | D:3      | Noticed Robin
  1774 | D:3      | Noticed a centaur
  1776 | D:3      | Killed Robin
  1777 | D:3      | HP: 1/61 [centaur/arrow (10)]
  1782 | D:3      | Shot with an arrow by a centaur

Skill      XL: |  1  2  3 |
---------------+----------+-----
Fighting       | 4 |  4.8
Axes           | 4 5 |  5.5
Armour         | |  2.7
Dodging        | |  2.6
Stealth        | |  0.1

Action                   |  1- 3 |  4- 6 || total
-------------------------+-------+-------++-------
Melee: Hand axe          |    67 |    26 ||    93
       Headbutt          |     7 |     7 ||    14
Throw: Stone             |     2 |       ||     2
Invok: Berserk           |     1 |     2 ||     3
       Trog's Hand       |       |     1 ||     1
  Use: Scroll            |     3 |     3 ||     6
       Potion            |       |     1 ||     1
  Eat: Chunk             |     1 |     3 ||     4
Armor: Animal skin       |    10 |     2 ||    12
Dodge: Dodged            |    43 |    15 ||    58
